 Dungeon Crawl Stone Soup version 0.18.1-5-g4a78601 (webtiles) character file.

15 Gargoyl the Skirmisher (level 2, -4/24 HPs)
             Began as a Demonspawn Abyssal Knight on May 12, 2016.
             Was a Follower of Lugonu.
             Slain by a worm (6 damage)
             ... on level 2 of the Dungeon.
             The game lasted 00:02:11 (1120 turns).

Gargoyl the Skirmisher (Demonspawn Abyssal Knight)  Turns: 1120, Time: 00:02:12

Health: -4/24      AC:  3    Str: 12    XL:     2   Next: 34%
Magic:  3/3        EV: 11    Int: 13    God:    Lugonu [*.....]
Gold:   57         SH:  0    Dex: 12    Spells: 0 memorised, 1 level left

rFire  . . .     SeeInvis .     a - +1 hand axe
rCold  . . .     Gourm    .     b - +0 leather armour
rNeg   . . .     Faith    .     (no shield)
rPois  .         Spirit   .     (no helmet)
rElec  .         Dismiss  .     (no cloak)
rCorr  .         Reflect  .     (no gloves)
SustAt .         Harm     .     (no boots)
MR     .....                    (no amulet)
Stlth  +.........               (no ring)
                                (no ring)

@: not resistant to hostile enchantments, very unstealthy
A: rot immunity
a: Depart the Abyss, Renounce Religion


You were on level 2 of the Dungeon.
You worshipped Lugonu.
Lugonu was aware of your devotion.
You were not hungry.

You visited 1 branch of the dungeon, and saw 2 of its levels.
You visited the Abyss 1 time.

You collected 57 gold pieces.

Inventory:

Hand Weapons
 a - a +1 hand axe (weapon)
 e - a cursed +0 hand crossbow
Missiles
 d - 13 poisoned needles
 g - 7 silver javelins (quivered)
Armour
 b - a +0 leather armour (worn)
Scrolls
 f - a scroll of noise {unknown}
 h - a scroll of teleportation {unknown}
Potions
 j - a potion of curing {unknown}
Comestibles
 c - a bread ration
 i - a meat ration


   Skills:
 + Level 3.3 Fighting
 + Level 2.0 Axes
 + Level 2.0 Armour
 + Level 1.1 Dodging
 + Level 2.4 Invocations


You had one spell level left.
You didn't know any spells.

Dungeon Overview and Level Annotations

Branches:
Dungeon (2/15)

Altars:
Gozag
Xom


Innate Abilities, Weirdness & Mutations

You are immune to rotting.


Message History

You hit the hobgoblin.
The hobgoblin is severely wounded.
The hobgoblin hits you with a club.
The hobgoblin hits you but does no damage.
You hit the hobgoblin.
You kill the hobgoblin!
Lugonu accepts your kill. The worm bites you.
Things that are here:
a club; a hobgoblin corpse You hit the worm.
The worm is lightly wounded.
The worm bites you!
* * * LOW HITPOINT WARNING * * *
You hit the worm.
The worm is moderately wounded.
You hit the worm.
The worm is moderately wounded.
The worm bites you.
You die...

.## .... ... #. . ...
##. .. #.##.. .?.
#..... ... #.##..... ..
..........
#####.#...##........
#..@w...............
#.###.###...........
#.###.##.. .........
#......... ........#
##......... ..#####.#
#.........(>..# ..#
###.............. #..#
#.<.............. #^##
#...............###...#


You could see a worm.

Vanquished Creatures
  A giant cockroach (D:2)
  2 goblins
  2 hobgoblins (D:2)
  2 jackals (D:1)
  2 kobolds (D:2)
  A bat (D:1)
  3 giant newts
  A rat (D:1)
14 creatures vanquished.

Notes
Turn   | Place    | Note
--------------------------------------------------------------
     0 | Abyss:1  | Gargoyl the Demonspawn Abyssal Knight began the quest for the Orb.
     0 | Abyss:1  | Reached XP level 1. HP: 18/18 MP: 2/2
    18 | Abyss:1  | Found an ancient bone altar of Kikubaaqudgha.
    99 | Abyss:1  | Noticed a large abomination
   130 | Abyss:1  | Noticed a smoke demon
   198 | Abyss:2  | Noticed a thrashing horror
   198 | Abyss:2  | Noticed a thrashing horror
   198 | D:1      | Escaped the Abyss
   261 | D:1      | Reached * piety under Lugonu
   743 | D:2      | Reached skill level 1 in Dodging
   759 | D:2      | Gained mutation: You are immune to rotting. [demonic ancestry]
   759 | D:2      | Reached XP level 2. HP: 12/24 MP: 3/3
   942 | D:2      | Found an opulent altar of Gozag.
  1028 | D:2      | Found a shimmering altar of Xom.
  1043 | D:2      | Found a shimmering altar of Xom.
  1052 | D:2      | Found a shimmering altar of Xom.
  1052 | D:2      | Found a shimmering altar of Xom.
  1054 | D:2      | Found a shimmering altar of Xom.
  1120 | D:2      | Slain by a worm

Skill      XL: |  1  2 |
---------------+-------+-----
Axes           | 2 |  2.0
Dodging        | 1 |  1.1
Armour         | 2 |  2.0
Fighting       | |  3.3
Invocations    | |  2.4

Action                   || total
-------------------------++-------
Melee: Hand axe          ||    53
Invok: Depart the Abyss  ||     1
  Use: Potion            ||     1
  Eat: Chunk             ||     1
Armor: Leather armour    ||    18
Dodge: Dodged            ||    45
